 Dungeon Crawl Stone Soup version 0.30-a0-639-g3916f1956a (webtiles) character file.

Game seed: 61251583996125286

660 acebull12 the Chopper (level 7, -10/52 (55) HPs)
             Began as a Formicid Fighter on Jan 16, 2023.
             Mangled by an ice beast (12 damage)
             ... on level 5 of the Dungeon on Jan 17, 2023.
             The game lasted 00:08:37 (2822 turns).

acebull12 the Chopper (Formicid Fighter)            Turns: 2822, Time: 00:08:37

HP:   -10/52 (55)   AC:  6    Str: 26    XL:     7   Next: 86%
MP:   7/7           EV: 11    Int:  7    God:
Gold: 86            SH:  5    Dex: 13    Spells: 6/6 levels left

rFire   . . .      SeeInvis +    a - +0 war axe
rCold   . . .      Faith    .    c - +0 buckler
rNeg    . . .      Spirit   .    t - +1 leather armour "Tufreth" {Will+ Str+3}
rPois   .          Reflect  .    (helmet unavailable)
rElec   .          Harm     .    u - +0 cloak
rCorr   .          Rampage  .    (no gloves)
Will    +....                    r - +0 pair of boots
Stlth   +                        (no amulet)
HPRegen 0.28/turn                (no ring)
MPRegen 0.10/turn                (no ring)

@: drained
A: permanent stasis, dig shafts and tunnels, antennae 3, four strong arms
a: Dig, Shaft Self


You were on level 5 of the Dungeon.
You visited 1 branch of the dungeon, and saw 5 of its levels.

You collected 86 gold pieces.

Inventory:

Hand Weapons
 a - a +0 war axe (weapon)
Missiles
 i - 25 stones
Armour
 b - a +0 scale mail
 c - a +0 buckler (worn)
 r - a +0 pair of boots (worn)
 t - the +1 leather armour "Tufreth" (worn) {Will+ Str+3}
   (You found it on level 3 of the Dungeon)

   Str:       It affects your strength (+3).
   Will:      It increases your willpower.
 u - a +0 cloak (worn)
Jewellery
 f - a ring of fire
Scrolls
 e - 6 scrolls of identify {unknown}
 h - 4 scrolls of amnesia {unknown}
 j - 2 scrolls of noise {unknown}
 k - 5 scrolls of magic mapping
 l - 2 scrolls of poison {unknown}
 o - a scroll of vulnerability {unknown}
 s - a scroll of enchant armour {unknown}
 v - a scroll of teleportation {unknown}
Potions
 d - a potion of might
 g - a potion of berserk rage {unknown}
 m - 3 potions of cancellation {unknown}
 n - a potion of haste {unknown}
 p - a potion of mutation {unknown}
 q - 2 potions of heal wounds {unknown}
 w - a potion of brilliance {unknown}


   Skills:
 + Level 4.3 Fighting
 * Level 6.4 Axes
 + Level 4.1 Armour
 + Level 2.0 Dodging
 + Level 0.5 Stealth
 + Level 5.1 Shields


You had 6 spell levels left.
You didn't know any spells.
Your spell library was empty.

Dungeon Overview and Level Annotations

Branches:
Dungeon (6/15)
 Temple: D:4-7

Altars:

Shops:
D:2 [::[*   D:6 *


Innate Abilities, Weirdness & Mutations

You cannot be hasted, slowed, berserked, paralysed or teleported.
You can dig through walls and to a lower floor.
You have a pair of large antennae on your head. (SInv)
Your four strong arms can wield two-handed weapons with a shield.


Message History

You feel drained. The wight attacks as you move away!
The wight barely misses you.
There is an open door here.
You closely miss the wight.
The wight is severely damaged.
The wight misses you.
The wight hits you from afar with a +3 spear.
You closely miss the wight.
The wight is severely damaged.
The wight hits you from afar with a +3 spear.
* * * LOW HITPOINT WARNING * * *
You feel drained.
* * * LOW HITPOINT WARNING * * *
The wight attacks as you move away! The wight closely misses you.
You slash the wight!
You destroy the wight!
The wight hits you from afar with a +3 spear.
* * * LOW HITPOINT WARNING * * *
You see here a +0 scimitar.
There is an open door here.
There is an open door here.
There is an open door here.
There is a stone staircase leading up here.
You climb upwards.
Found a purple potion.
There is a stone staircase leading down here.
An ice beast is nearby!
You slash the ice beast!
The ice beast is moderately wounded.
The ice beast closely misses you.
You barely miss the ice beast.
The ice beast is moderately wounded.
The ice beast hits you. The ice beast freezes you!
* * * LOW HITPOINT WARNING * * *
You hit the ice beast.
The ice beast is heavily wounded.
The ice beast hits you.
* * * LOW HITPOINT WARNING * * *
The ice beast freezes you!
You die...

# ### #####.###
.....##...!....
.......@.......
.....##Y.......
### #########


You could see an ice beast.

Vanquished Creatures
  2 black bears (D:6)
  2 ogres (D:6)
  A scorpion (D:6)
  A wight (D:6)
  An iguana (D:6)
  3 orc wizards
  2 adders
  A worm (D:2)
  A dart slug (D:1)
  11 orcs
  6 ball pythons
  10 endoplasms
  A giant cockroach (D:1)
  3 goblins
  7 hobgoblins
  2 quokkas
  9 bats
  2 frilled lizards
  3 kobolds
  6 rats
74 creatures vanquished.

Notes
Turn   | Place    | Note
-------+----------+-------------------------------------------
     0 | D:1      | acebull12 the Formicid Fighter began the quest for the Orb.
     0 | D:1      | Reached XP level 1. HP: 18/18 MP: 1/1
   129 | D:1      | Reached XP level 2. HP: 24/24 MP: 2/2
   287 | D:1      | Reached XP level 3. HP: 29/29 MP: 3/3
   886 | D:2      | Reached XP level 4. HP: 24/35 MP: 4/4
   945 | D:2      | Reached skill level 3 in Axes
   976 | D:2      | Found Moeklex's Assorted Antiques.
  1109 | D:2      | Found Paneusch's Antique Armour Emporium.
  1129 | D:2      | Found Picwije's Armour Shop.
  1132 | D:2      | Found Putueph's Book Shoppe.
  1426 | D:2      | Found a faded altar of an unknown god.
  1569 | D:2      | Found Pepal's Book Shoppe.
  1879 | D:3      | Identified the +1 leather armour "Tufreth" {Will+ Str+3}
  1912 | D:3      | Reached XP level 5. HP: 25/42 MP: 5/5
  2097 | D:3      | You fall into a shaft and drop 3 floors!
  2175 | D:6      | Reached skill level 4 in Axes
  2202 | D:6      | Noticed an ogre
  2209 | D:6      | Killed an ogre
  2210 | D:6      | Reached XP level 6. HP: 30/48 MP: 6/6
  2353 | D:6      | Found Peym's Assorted Antiques.
  2467 | D:6      | Reached skill level 5 in Axes
  2467 | D:6      | Reached skill level 1 in Dodging
  2615 | D:6      | Noticed an ogre
  2622 | D:6      | Killed an ogre
  2623 | D:6      | Reached skill level 5 in Shields
  2623 | D:6      | Reached XP level 7. HP: 37/54 MP: 7/7
  2699 | D:6      | Reached skill level 6 in Axes
  2819 | D:5      | Entered Level 5 of the Dungeon
  2822 | D:5      | HP: 2/52 [ice beast (2)]
  2822 | D:5      | Mangled by an ice beast

Illustrated notes

Levels and vault maps discovered:
D:1:      matt_arrival_los_fun, layout_rooms
D:2:      layout_basic, hellmonk_ecumenical_altar_defaced_shrine, serial_shops,
          nicolae_shop_temple_entry_statues_fountains, shop, shop_fountains,
          shop_statue, shop
D:3:      layout_basic, mainiacjoe_overflow_alcove_2, minmay_misc_feat_tiny
D:5:      lemuel_ice_spiral_2, layout_rooms
D:6:      layout_gridville, serial_shops, shop, shop, hangedman_decor_push,
          nicolae_lava_and_water, uniq_blork_the_orc, uniq_prince_ribbit1

Skill      XL: |  1  2  3  4  5  6  7 |
---------------+----------------------+-----
Axes           | 3 4 5 6 |  6.4
Armour         | 4 |  4.1
Fighting       | 4 |  4.3
Dodging        | 1 2 |  2.0
Shields        | 5 |  5.1
Stealth        | |  0.5

Action                   |  1- 3 |  4- 6 |  7- 9 || total
-------------------------+-------+-------+-------++-------
Melee: War axe           |    90 |   123 |    20 ||   233
  Use: Scroll            |     1 |       |       ||     1
Armor: Scale mail        |    44 |    24 |       ||    68
       Leather armour    |       |     6 |     7 ||    13
Dodge: Dodged            |    67 |    70 |    14 ||   151
Block: Buckler           |    34 |    34 |     7 ||    75

Table legend: (Time is in decaauts)
 A = Elapsed time spent in this place.
 B = Non-inter-level travel time spent in this place.
 C = Inter-level travel time spent in this place.
 D = Time resting spent in this place.
 E = Time spent auto-exploring this place.
 F = Levels seen in this place.
 G = Mean time per level.
                   A        B        C        D        E       F      G
               +--------+--------+--------+--------+--------+-----+--------+
         Total |   2907 |   2749 |    158 |    363 |   1679 |   5 |  581.4 |
       Dungeon |   2907 |   2749 |    158 |    363 |   1679 |   5 |  581.4 |
               +--------+--------+--------+--------+--------+-----+--------+

Top non-repeatable levels by time:
     D:2: 1052 daAuts
     D:6: 737 daAuts
     D:1: 723 daAuts
     D:3: 391 daAuts
     D:5: 3 daAuts
